 Dungeon Crawl Stone Soup version 0.21.1-1-g345015fe64 (webtiles) character file.

10602 Gobser the Carver (level 11, 0/87 HPs)
             Began as a Demonspawn Berserker on May 17, 2018.
             Was an Elder of Trog.
             Slain by a six-headed hydra (10 damage)
             ... on level 1 of the Lair of Beasts.
             The game lasted 00:48:17 (10638 turns).

Gobser the Carver (Demonspawn Berserker)           Turns: 10638, Time: 00:48:19

Health: 0/87       AC:  9    Str: 22    XL:     11   Next: 38%
Magic:  0/14       EV: 15    Int:  8    God:    Trog [****..]
Gold:   757        SH:  9    Dex: 14    Spells: 15/15 levels left

rFire    . . .     SeeInvis .   q - +2 long sword
rCold    . . .     Gourm    .   e - +0 buckler
rNeg     . . .     Faith    .   v - +0 troll leather armour {Purgy}
rPois    .         Spirit   +   o - +2 helmet
rElec    .         Reflect  .   c - scarf {Spirit}
rCorr    .         Harm     .   D - +0 pair of gloves
MR       +++..     Clarity  +   (no boots)
Stlth    ++........             (no amulet)
HPRegen  1.64/turn              j - ring of protection from magic (curse)
MPRegen  0.14/turn              (no ring)

@: regenerating
A: hooves 1, large bone plates 2, agile 1, clarity, powered by death 1
a: Berserk, Trog's Hand, Brothers in Arms, Burn Spellbooks, Renounce Religion


You were on level 1 of the Lair of Beasts.
You worshipped Trog.
Trog was greatly pleased with you.
You were hungry.

You visited 2 branches of the dungeon, and saw 11 of its levels.
You also visited: Sewer.

You collected 757 gold pieces.

Inventory:

Hand Weapons
 a - a +0 falchion
 f - a +1 long sword
 l - a +0 short sword of venom
 q - a +2 long sword (weapon)
 r - a +0 long sword
 B - a +1 falchion of slicing
 C - a +0 hand axe
Missiles
 g - 26 tomahawks (quivered)
 k - 2 throwing nets
Armour
 b - the +3 robe "Weockuud" {Int+4, unknown}
   (You found it on level 9 of the Dungeon)

   It affects your intelligence (+4).
 c - a scarf of spirit shield (worn)
 e - a +0 buckler (worn)
 h - a +1 scale mail of fire resistance
 n - the +2 robe "Usurph" {*Drain Int+4}
   (You found it on level 4 of the Dungeon)

   It affects your intelligence (+4).
   It causes draining when unequipped.
 o - a +2 helmet (worn)
 v - a +0 troll leather armour (worn) {Purgy}
 D - a +0 pair of gloves (worn)
Jewellery
 j - a cursed ring of protection from magic (left hand)
 F - an uncursed ring of ice
Wands
 i - a wand of flame (32)
 t - a wand of enslavement (15)
 x - a wand of iceblast (18)
Scrolls
 d - 4 scrolls of teleportation
 s - a scroll of remove curse
 y - 2 scrolls of fog
 E - 2 scrolls of identify
Potions
 w - a potion of invisibility
 z - 2 potions of berserk rage
 A - 3 potions of magic
 G - 2 potions of resistance
Miscellaneous
 m - a crystal ball of energy
Comestibles
 p - 13 rations


   Skills:
 + Level 8.5 Fighting
 + Level 11.2 Long Blades
 + Level 4.0 Throwing
 + Level 5.3 Armour
 + Level 7.4 Dodging
 - Level 2.8 Stealth
 - Level 2.5 Unarmed Combat
 - Level 2.5 Spellcasting


You had 15 spell levels left.
You didn't know any spells.

Dungeon Overview and Level Annotations

Branches:
Dungeon (10/15)            Temple (0/1) D:5            Lair (1/6) D:10
    Orc: D:9-12

Altars:
Ashenzari
Dithmenos
Kikubaaqudgha
Nemelex Xobeh
Sif Muna
Trog
Xom
Yredelemnul
The Shining One

Shops:
D:6 }


Innate Abilities, Weirdness & Mutations

You have large cloven feet.
You are mostly covered in large bone plates. (SH +6)
You regenerate a little health from kills.
You are agile. (Dex +2)
You possess an exceptional clarity of mind.


Message History

You block the six-headed hydra's attack.
The six-headed hydra closely misses you.
The six-headed hydra misses you.
The six-headed hydra closely misses you.
You block the six-headed hydra's attack.
Magic courses through your body. The six-headed hydra bites you!
You block the six-headed hydra's attack.
The six-headed hydra barely misses you.
The six-headed hydra bites you but does no damage.
You block the six-headed hydra's attack.
The six-headed hydra bites you!
* * * LOW HITPOINT WARNING * * *
Your ogre goes berserk!
You feel quite a bit more hungry. The six-headed hydra bites you.
* * * LOW HITPOINT WARNING * * *
You block the six-headed hydra's attack.
The six-headed hydra bites you!
* * * LOW HITPOINT WARNING * * *
The six-headed hydra bites you!
You die...

P.##..........................#
#.##................#...#P....###
........###...##...##.#..........
........# #....#...##.#..P#...###
#.####.####...#.....#..####...###
...##P.###....#........#P##...#.#
.................................
##.###.####......................
....##.###......@......####......
................PDPPPP.# #......
............##O.P.≈≈≈P.# #..###.
...#####...####.PP≈≈≈P.# #..# ##
.....##....#.#P.PP≈≈≈P.# ##..# #
................PP.PPP.# #...# #
...........#.##........####..###
....P......#.##..........##..#.##
...##...........................#


You could see a six-headed hydra and a friendly ogre (berserk).

Vanquished Creatures
  Harold (D:10)
  2 two-headed ogres
  Joseph (D:7)
  A black mamba (Lair:1)
  A spiny frog (Lair:1)
  A troll (D:9)
  Grinder (D:3)
  A hippogriff (Lair:1)
  Sigmund (D:6)
  A human (D:7)
  2 hogs (D:7)
  2 yaks (D:7)
  Grum (D:10)
  A water moccasin (Lair:1)
  Duvessa (D:7)
  3 porcupines (Lair:1)
  Purgy (Sewer)
  An ice beast (D:9)
  A black bear (D:9)
  2 orc warriors
  2 sky beasts
  A necrophage (D:6)
  4 ogres
  4 wolves (D:10)
  4 phantoms
  4 centaurs
  Blork the orc (D:6)
  A wyvern zombie (D:7)
  7 bullfrogs
  Dowan (D:7)
  A water moccasin zombie (D:8)
  A wyvern skeleton (D:8)
  3 scorpions
  3 killer bees (D:7)
  2 howler monkeys (D:7)
  7 wights
  5 crimson imps
  2 bullfrog skeletons
  5 hounds
  A centaur skeleton (D:6)
  4 orc priests
  2 gnoll shamans
  4 jellies
  3 iguanas
  8 orc wizards
  5 worker ants
  A hound skeleton (D:6)
  8 gnolls
  8 adders
  3 shadow imps
  An adder skeleton (D:9)
  5 worms
  A dart slug (D:1)
  6 leopard geckos
  27 orcs
  6 bats
  12 giant cockroaches
  13 goblins
  9 hobgoblins
  9 jackals
  4 quokkas
  2 ball pythons (D:2)
  A frilled lizard (D:2)
  A jackal zombie (D:8)
  9 kobolds
  16 rats
  A fungus (Lair:1)
  3 plants
257 creatures vanquished.

Vanquished Creatures (collateral kills)
  Fannar (Lair:1)
  A ball python (D:5)
2 creatures vanquished.

Vanquished Creatures (others)
  2 plants (Lair:1)
2 creatures vanquished.

Grand Total: 261 creatures vanquished

Notes
Turn   | Place    | Note
-------+----------+-------------------------------------------
     0 | D:1      | Gobser the Demonspawn Berserker began the quest for the Orb.
     0 | D:1      | Reached XP level 1. HP: 18/18 MP: 1/1
   105 | D:1      | Gained mutation: You are partially covered in large bone plates. (SH +4) [demonic ancestry]
   105 | D:1      | Reached XP level 2. HP: 11/24 MP: 2/2
   276 | D:1      | Reached skill level 3 in Long Blades
   729 | D:1      | Reached ** piety under Trog
   778 | D:1      | Reached XP level 3. HP: 26/29 MP: 3/3
  1148 | D:2      | Reached skill level 5 in Fighting
  1148 | D:2      | Reached skill level 5 in Long Blades
  1148 | D:2      | Reached XP level 4. HP: 39/39 MP: 3/7
  1826 | D:2      | Found a deep blue altar of Sif Muna.
  2477 | D:3      | Reached XP level 5. HP: 46/46 MP: 6/8
  2615 | D:3      | Noticed Grinder
  2626 | D:3      | Killed Grinder
  2626 | D:3      | Gained mutation: You regenerate a little health from kills. [demonic ancestry]
  2626 | D:3      | Reached XP level 6. HP: 38/52 MP: 6/9
  3306 | D:4      | Reached skill level 6 in Long Blades
  3342 | D:4      | Noticed a sky beast
  3347 | D:4      | Killed a sky beast
  3347 | D:4      | Reached XP level 7. HP: 58/58 MP: 10/10
  3477 | D:4      | Reached skill level 5 in Dodging
  3604 | D:4      | Found a shadowy altar of Dithmenos.
  3632 | D:4      | Got a fabulously ornate robe
  3633 | D:4      | Identified the +2 robe "Usurph" {*Drain Int+4} (You found it on level 4 of the Dungeon)
  3661 | D:4      | Found a shimmering altar of Xom.
  4355 | D:5      | Entered Level 5 of the Dungeon
  4681 | D:5      | Found a staircase to the Ecumenical Temple.
  4736 | D:5      | Gained mutation: You have large cloven feet. [demonic ancestry]
  4736 | D:5      | Reached XP level 8. HP: 55/64 MP: 9/11
  5096 | D:5      | Reached skill level 7 in Long Blades
  5581 | D:6      | Found Wufiotha's Gadget Emporium.
  5588 | D:6      | Noticed Sigmund
  5597 | D:6      | Killed Sigmund
  5635 | D:6      | Reached *** piety under Trog
  5639 | D:6      | Found a shattered altar of Ashenzari.
  5730 | D:6      | Noticed Blork the orc
  5738 | D:6      | Killed Blork the orc
  5791 | D:6      | Found a glowing drain.
  5800 | D:6      | Reached skill level 8 in Long Blades
  5806 | Sewer    | Entered a sewer
  5836 | Sewer    | Gained mutation: You are agile. (Dex +2) [potion of mutation]
  5836 | Sewer    | Gained mutation: You possess an exceptional clarity of mind. [potion of mutation]
  5859 | Sewer    | Noticed Purgy
  5870 | Sewer    | Killed Purgy
  5870 | Sewer    | Gained mutation: You are mostly covered in large bone plates. (SH +6) [demonic ancestry]
  5870 | Sewer    | Reached XP level 9. HP: 62/71 MP: 10/12
  6789 | D:7      | Noticed Dowan
  6790 | D:7      | Noticed Duvessa
  6799 | D:7      | Killed Duvessa
  6804 | D:7      | Killed Dowan
  6966 | D:7      | Found an ancient bone altar of Kikubaaqudgha.
  7141 | D:7      | Noticed Joseph
  7143 | D:7      | Reached **** piety under Trog
  7170 | D:7      | Killed Joseph
  7347 | D:7      | Reached skill level 9 in Long Blades
  7385 | D:7      | Reached XP level 10. HP: 12/79 MP: 2/13
  7854 | D:8      | Reached skill level 5 in Armour
  8131 | D:8      | Found a glowing golden altar of the Shining One.
  8236 | D:8      | Noticed a two-headed ogre
  8252 | D:8      | Killed a two-headed ogre
  8252 | D:8      | Reached skill level 10 in Long Blades
  8383 | D:8      | Found a basalt altar of Yredelemnul.
  8443 | D:9      | Got a heavy robe
  8730 | D:9      | Noticed a two-headed ogre
  8743 | D:9      | Killed a two-headed ogre
  8941 | D:9      | Found Iwimoxil's Weapon Emporium.
  9402 | D:9      | Found a bloodstained altar of Trog.
  9402 | D:9      | Found a sparkling altar of Nemelex Xobeh.
  9455 | D:10     | Entered Level 10 of the Dungeon
  9455 | D:10     | Noticed Grum
  9473 | D:10     | Killed Grum
  9476 | D:10     | Reached XP level 11. HP: 75/86 MP: 7/14
  9485 | D:10     | Noticed Harold
  9511 | D:10     | Killed Harold
  9842 | D:10     | Found a staircase to the Lair.
  9885 | Lair:1   | Entered Level 1 of the Lair of Beasts
 10048 | Lair:1   | Reached skill level 11 in Long Blades
 10223 | Lair:1   | Noticed Fannar
 10259 | Lair:1   | Killed Fannar
 10618 | Lair:1   | Noticed a four-headed hydra
 10638 | Lair:1   | Slain by a six-headed hydra

Skill      XL: |  1  2  3  4  5  6  7  8  9 10 11 |
---------------+----------------------------------+-----
Long Blades    | 3 5 6 8 9 10 11 | 11.2
Dodging        | 2 4 5 6 7 |  7.4
Fighting       | 5 6 7 8 |  8.5
Throwing       | 2 3 4 |  4.0
Armour         | 3 4 5 |  5.3
Stealth        | 2 |  2.8
Unarmed Combat | 2 |  2.5
Spellcasting   | 2 |  2.5

Action                   |  1- 3 |  4- 6 |  7- 9 | 10-12 || total
-------------------------+-------+-------+-------+-------++-------
Melee: Falchion          |    88 |   199 |    47 |       ||   334
       Long sword        |       |       |   307 |   359 ||   666
       Kick              |       |       |   105 |   149 ||   254
Throw: Tomahawk          |     4 |    13 |    21 |    14 ||    52
Invok: Berserk           |       |     2 |     4 |     3 ||     9
       Trog's Hand       |       |     1 |     5 |     4 ||    10
       Burn Spellbooks   |       |       |     2 |       ||     2
       Brothers in Arms  |       |       |       |     2 ||     2
Evoke: Wand              |       |       |     1 |     5 ||     6
  Use: Scroll            |     3 |     3 |     8 |     3 ||    17
       Potion            |     3 |     4 |     7 |     5 ||    19
 Stab: Sleeping          |       |     4 |       |     2 ||     6
       Invisible         |       |       |     2 |       ||     2
  Eat: Ration            |     1 |     2 |     6 |     4 ||    13
Armor: Animal skin       |    13 |    11 |       |       ||    24
       Leather armour    |       |     7 |       |       ||     7
       Scale mail        |       |    26 |    84 |       ||   110
       Troll leather arm |       |       |    31 |    90 ||   121
Dodge: Dodged            |    59 |    90 |   176 |   211 ||   536
Block: Other             |    19 |       |       |       ||    19
       Buckler           |       |    62 |   127 |   192 ||   381
       Rpst.: Falchion   |    17 |    24 |     9 |       ||    50
       Long sword        |       |       |    38 |    47 ||    85
